 Dungeon Crawl Stone Soup version 0.28.0 (webtiles) character file.

Game seed: 13974918686565763329

92 Sanktem7 the Covered (level 4, -2/40 HPs)
             Began as a Minotaur Fighter on Feb 18, 2022.
             Was an Initiate of Okawaru.
             Slain by PerfectTommy's ghost (6 damage)
             ... on level 3 of the Dungeon.
             The game lasted 00:02:51 (2164 turns).

Sanktem7 the Covered (Minotaur Fighter)             Turns: 2164, Time: 00:02:51

Health: -2/40      AC:  7    Str: 22    XL:     4   Next: 35%
Magic:  3/3        EV:  9    Int:  5    God:    Okawaru [......]
Gold:   129        SH:  4    Dex: 10    Spells: 3/3 levels left

rFire   . . .      SeeInvis .   a - +0 war axe
rCold   . . .      Faith    .   c - +0 buckler
rNeg    . . .      Spirit   .   b - +0 scale mail
rPois   .          Reflect  .   (helmet restricted)
rElec   .          Harm     .   o - scarf {repulsion}
rCorr   .          Rampage  .   (no gloves)
Will    .....                   (no boots)
Stlth   ..........              (no amulet)
HPRegen 0.13/turn               (no ring)
MPRegen 0.08/turn               (no ring)

@: repel missiles
A: horns 2, retaliatory headbutt
a: Renounce Religion


You were on level 3 of the Dungeon.
You worshipped Okawaru.
Okawaru was noncommittal.
You visited 1 branch of the dungeon, and saw 3 of its levels.

You collected 129 gold pieces.

Inventory:

Hand Weapons
 a - a +0 war axe (weapon)
Armour
 b - a +0 scale mail (worn)
 c - a +0 buckler (worn)
 o - a scarf of repulsion (worn)
Jewellery
 n - a +6 ring of intelligence
Scrolls
 e - a scroll of teleportation {unknown}
 f - a scroll of vulnerability {unknown}
 g - a scroll of magic mapping {unknown}
 h - a scroll of immolation {unknown}
 i - a scroll of identify {unknown}
 k - a scroll of fog {unknown}
Potions
 d - a potion of might
 j - a potion of curing {unknown}
 l - a potion of attraction {unknown}
 m - a potion of flight {unknown}


   Skills:
 * Level 4.3 Fighting
 * Level 4.2 Axes
 * Level 4.6 Armour
 + Level 0.1 Dodging
 - Level 3.6 Shields


You had 3 spell levels left.
You didn't know any spells.
Your spell library contained the following spells:

 Spells                   Type           Power      Damage    Failure   Level
 Corpse Rot               Necr/Air       0%         N/A       95%         2
 Poisonous Vapours        Pois/Air       0%         N/A       95%         2


Dungeon Overview and Level Annotations

Branches:
Dungeon (3/15)

Altars:
Okawaru

Annotations:
D:3 PerfectTommy's ghost, amateur MiBe


Innate Abilities, Weirdness & Mutations

You have a pair of horns on your head.
You reflexively headbutt those who attack you in melee.


Message History

You hit the quokka.
You kill the quokka!
Okawaru accepts your kill.
No target in view!
No target in view!
No target in view!
No target in view!
No target in view!
No target in view!
No target in view!
No target in view!
You open the door. The adder completely misses you.
You slash the adder!
You kill the adder!
Okawaru accepts your kill. PerfectTommy's ghost hits you!
You slash PerfectTommy's ghost!
PerfectTommy's ghost is lightly damaged.
PerfectTommy's ghost hits you!
You barely miss PerfectTommy's ghost.
Your headbutt misses PerfectTommy's ghost.
PerfectTommy's ghost is lightly damaged.
PerfectTommy's ghost barely misses you. You furiously retaliate!
You headbutt PerfectTommy's ghost. PerfectTommy's ghost hits you.
You hit PerfectTommy's ghost but do no damage.
PerfectTommy's ghost is moderately damaged.
PerfectTommy's ghost hits you.
You hit PerfectTommy's ghost.
PerfectTommy's ghost is heavily damaged.
PerfectTommy's ghost hits you but does no damage.
You hit PerfectTommy's ghost.
PerfectTommy's ghost is heavily damaged.
PerfectTommy's ghost wails.
PerfectTommy's ghost hits you!
* * * LOW HITPOINT WARNING * * *
x2 You hit PerfectTommy's ghost.
You headbutt PerfectTommy's ghost, but do no damage.
PerfectTommy's ghost is heavily damaged.
PerfectTommy's ghost hits you.
You die...

#..[......#
#..##>....#≈#
#..##.#####?#
#..##.#####≈#
#........##≈#
#..###.#.##≈## ##.#
#...##≈### #.#
#.##.#W#.# #.#
#.##..@..#
#####.###.##.###########
#......................#
#####............#####.
#..#..######.# #..#†.#
#.# #..#..#### #.#
#........# #.#
##.#.###.# #.#


You could see PerfectTommy's ghost.

Vanquished Creatures
  3 adders (D:3)
  A worm (D:2)
  2 dart slugs
  2 endoplasms
  2 giant cockroaches
  5 goblins
  2 hobgoblins (D:1)
  9 jackals
  3 quokkas
  6 ball pythons
  6 bats
  5 frilled lizards
  6 kobolds
  4 rats
56 creatures vanquished.

Vanquished Creatures (others)
  25 plants (D:2)
25 creatures vanquished.

Grand Total: 81 creatures vanquished

Notes
Turn   | Place    | Note
-------+----------+-------------------------------------------
     0 | D:1      | Sanktem7 the Minotaur Fighter began the quest for the Orb.
     0 | D:1      | Reached XP level 1. HP: 19/19 MP: 0/0
   197 | D:1      | Reached XP level 2. HP: 27/27 MP: 1/1
   653 | D:1      | Reached XP level 3. HP: 23/33 MP: 2/2
  1034 | D:2      | Found an iron altar of Okawaru.
  1150 | D:2      | Became a worshipper of Warmaster Okawaru
  2070 | D:3      | Reached XP level 4. HP: 40/40 MP: 3/3
  2096 | D:3      | Found a runed translucent door.
  2136 | D:3      | Noticed PerfectTommy's ghost (amateur MiBe)
  2164 | D:3      | Slain by PerfectTommy's ghost

Illustrated notes

Levels and vault maps discovered:
D:1:      wander_arrival_desolate, layout_basic
D:2:      layout_loops_corners, basic_altar, serial_bayou, serial_bayou_pond_c,
          serial_bayou_pond_d, serial_bayou_pond_c, serial_bayou_shore_a
D:3:      layout_basic, mainiacjoe_overflow_alcove_1, okawaru_altar_gauntlet_db,
          nicolae_ecumenical_oubliette, ebering_ghost_sewer_d,
          kennysheep_generic_room_12

Skill      XL: |  1  2  3 |
---------------+----------+-----
Armour         | 4 |  4.6
Fighting       | 4 |  4.3
Axes           | 3 4 |  4.2
Dodging        | |  0.1
Shields        | |  3.6

Action                   |  1- 3 |  4- 6 || total
-------------------------+-------+-------++-------
Melee: War axe           |   110 |    18 ||   128
       Headbutt          |    14 |     2 ||    16
Armor: Scale mail        |    51 |     6 ||    57
Dodge: Dodged            |    44 |     6 ||    50
Block: Buckler           |    31 |     3 ||    34
